 Dungeon Crawl Stone Soup version 0.31-a0-239-g0a1456f148 (webtiles) character file.

Game seed: 13472786342572429974

478 qw the Shooter (level 6, -22/52 HPs)
             Began as a Minotaur Hexslinger on July 11, 2023.
             Annihilated by an ogre
             ... wielding a +0 giant club
              (24 damage)
             ... on level 5 of the Dungeon.
             The game lasted 00:01:27 (3674 turns).

qw the Shooter (Minotaur Hexslinger)                Turns: 3674, Time: 00:01:27

Health: -22/52     AC:  8    Str: 12    XL:     6   Next: 85%
Magic:  6/6        EV: 11    Int: 10    God:
Gold:   255        SH:  0    Dex: 15    Spells: 6/7 levels left

rFire   . . .        Y - +1 sling
rCold   + . .        (no shield)
rNeg    . . .        d - +0 ring mail
rPois   .            (helmet restricted)
rElec   .            j - +2 cloak {rCorr}
rCorr   +            (no gloves)
SInv    .            (no boots)
Will    .....        (no amulet)
Stlth   +            f - ring of protection from cold
HPRegen 0.28/turn    (no ring)
MPRegen 0.10/turn

%: no passive effects
@: no status effects
A: horns 2, retaliatory headbutt
a: no special abilities


You were on level 5 of the Dungeon.
You visited 1 branch of the dungeon, and saw 5 of its levels.

You collected 255 gold pieces.


Innate Abilities, Weirdness & Mutations

You have a pair of horns on your head.
You reflexively headbutt those who attack you in melee.


   Skills:
 - Level 4.1 Fighting
 + Level 7.0 Ranged Weapons
 - Level 1.9 Armour
 - Level 2.1 Dodging
 - Level 1.0 Spellcasting
 - Level 2.0 Hexes


You had 6 spell levels left.
You knew the following spells:

 Your Spells              Type           Power      Damage    Failure   Level
a - Slow                  Hex            16%        N/A       32%         1

Your spell library contained the following spells:

 Spells                   Type           Power      Damage    Failure   Level
 Inner Flame              Hex/Fire       2%         N/A       83%         3
 Portal Projectile        Hex/Tloc       4%         N/A       83%         3
 Cause Fear               Hex            2%         N/A       97%         4

Inventory:

Hand Weapons
 Y - a +1 sling (weapon)
Armour
 d - a +0 ring mail (worn)
 j - a +2 cloak of preservation (worn)
Jewellery
 f - a ring of protection from cold (left hand)
 m - an amulet of regeneration
 n - a +4 ring of protection
Scrolls
 e - a scroll of identify
 l - a scroll of enchant weapon {unknown}
Potions
 a - a potion of lignification {unknown}
 b - a potion of mutation {unknown}
 c - a potion of haste
 g - a potion of might
 h - a potion of brilliance {unknown}
 i - 3 potions of curing
 k - a potion of magic {unknown}

Dungeon Overview and Level Annotations

Branches:
Dungeon (5/15)
 Temple: D:4-7

Altars:


Message History

You shoot a sling bullet. The sling bullet hits the iguana.
You kill the iguana!
Your Ranged Weapons skill increases to level 7!
You start resting.
HP restored.
An ogre comes into view. It is wielding a +0 giant club.
The ogre shouts!
Enter note:
Enter note:
Enter note: You shoot a sling bullet.
The sling bullet hits the ogre!
The ogre is moderately wounded.
Found a leather armour.
Found an escape hatch in the floor.
Enter note:
Enter note:
Enter note: You shoot a sling bullet.
The sling bullet hits the ogre.
The ogre is moderately wounded.
You shoot a sling bullet.
The sling bullet barely misses the ogre.
You shoot a sling bullet.
The sling bullet barely misses the ogre.
The ogre hits you with a +0 giant club!
You shoot a sling bullet.
The sling bullet barely misses the ogre.
The ogre hits you with a +0 giant club!
You shoot a sling bullet. The sling bullet hits the ogre!
The ogre is severely wounded.
You shoot a sling bullet.
The sling bullet hits the ogre but does no damage.
The ogre is severely wounded.
The ogre hits you with a +0 giant club!!
Ouch! That really hurt!
You shoot a sling bullet. The sling bullet hits the ogre!
The ogre is almost dead.
The ogre barely misses you.
You shoot a sling bullet.
The sling bullet barely misses the ogre.
The ogre hits you with a +0 giant club!!
You die...

####### ..[>... .......
## ######## .......
.#######......###.......
.........###....#O......
###...###...##..@.$.....
.#.###.#.....#.##.......
#...#...#...#..# .######
#...#...#####..##.#
#...#...#...#...#..
.#.###.#.....##.##7
###...###...###.#
.#.....#.###.##.#
..#...#...#...#.#


You could see an ogre.

Vanquished Creatures
  Eustachio (D:5)
  An ogre (D:3)
  A hound (D:4)
  Jessica (D:3)
  Terence (D:3)
  2 iguanas (D:5)
  3 adders (D:2)
  2 worms
  2 dart slugs
  2 orcs (D:3)
  5 ball pythons
  15 endoplasms
  6 giant cockroaches
  7 hobgoblins
  3 jackals (D:1)
  9 kobolds
  4 quokkas
  4 bats
  A frilled lizard (D:3)
  5 goblins
  9 rats
84 creatures vanquished.

Notes
Turn   | Place    | Note
-------+----------+-------------------------------------------
     0 | D:1      | qw the Minotaur Hexslinger began the quest for the Orb.
     0 | D:1      | Reached XP level 1. HP: 16/16 MP: 1/1
     0 | D:1      | 0 ||| qw: Version: 0.3-a-52-g30416fa
     0 | D:1      | 0 ||| qw: Game counter: 5913
     0 | D:1      | 0 ||| qw: Melee chars always use a shield: true
     0 | D:1      | 0 ||| qw: God list: Okawaru
     0 | D:1      | 0 ||| qw: Allow faded altars: false
     0 | D:1      | 0 ||| qw: Do Orc after clearing Dungeon:15 true
     0 | D:1      | 0 ||| qw: Do second Lair branch before Depths: true
     0 | D:1      | 0 ||| qw: Lair rune preference: random
     0 | D:1      | 0 ||| qw: Goals: Normal
     0 | D:1      | 0 ||| PLANNING D:1-11
   127 | D:1      | 127 ||| FLEEEEING.
   128 | D:1      | 128 ||| FLEEEEING.
   161 | D:1      | Reached skill level 3 in Ranged Weapons
   174 | D:1      | Reached XP level 2. HP: 19/23 MP: 2/2
   423 | D:1      | Found a faded altar of an unknown god.
   590 | D:1      | Reached XP level 3. HP: 29/29 MP: 3/3
   712 | D:1      | 712 ||| UPGRADING to ring of protection from cold.
   713 | D:1      | 713 ||| READING scroll labelled VOYMUG EGROTHRIDIN.
   714 | D:1      | 714 ||| READING scroll labelled REX TUMETWEENI.
   715 | D:1      | 715 ||| READING scroll labelled PIL LORPHIW COT.
   718 | D:1      | 718 ||| DROPPING scroll of poison.
   864 | D:2      | Reached skill level 4 in Ranged Weapons
  1145 | D:2      | Reached XP level 4. HP: 33/36 MP: 4/4
  1547 | D:2      | 1547 ||| UPGRADING to +0 ring mail.
  1557 | D:2      | 1557 ||| DROPPING +0 robe.
  1558 | D:2      | 1558 ||| UPGRADING to +2 cloak of preservation.
  1563 | D:2      | 1563 ||| READING 3 scrolls labelled OCAOZU CURCH.
  1564 | D:2      | 1564 ||| READING scroll labelled NATHUE XIQAUCO.
  1627 | D:2      | 1627 ||| DRINKING 2 sapphire potions.
  1628 | D:2      | 1628 ||| DROPPING 2 scrolls of immolation.
  1641 | D:3      | Noticed Jessica
  1646 | D:3      | Killed Jessica
  1647 | D:3      | Reached skill level 1 in Armour
  1833 | D:3      | Noticed Terence
  1842 | D:3      | Killed Terence
  1843 | D:3      | Reached skill level 5 in Ranged Weapons
  1843 | D:3      | Reached XP level 5. HP: 25/41 MP: 5/5
  2329 | D:3      | 2329 ||| DROPPING amulet of magic regeneration.
  2330 | D:3      | 2330 ||| READING scroll labelled PALEPA OTHIGOB.
  2331 | D:3      | 2331 ||| READING scroll labelled DOXETA WEINAET.
  2332 | D:3      | 2332 ||| READING scroll labelled ETWATR DUNK.
  2433 | D:3      | 2433 ||| READING scroll labelled CYNERCHU KANUTAGY.
  2434 | D:3      | 2434 ||| DRINKING 2 bubbling cyan potions.
  2435 | D:3      | 2435 ||| DRINKING 3 amethyst potions.
  2436 | D:3      | 2436 ||| DROPPING 2 potions of attraction.
  2460 | D:4      | Noticed an ogre
  2467 | D:4      | 2467 ||| STAIRDANCE
  2469 | D:3      | Killed an ogre
  2850 | D:4      | Reached XP level 6. HP: 52/52 MP: 6/6
  3131 | D:4      | 3131 ||| DRINKING 2 coppery potions.
  3179 | D:5      | Entered Level 5 of the Dungeon
  3380 | D:5      | Noticed Eustachio
  3416 | D:5      | 3416 ||| FLEEEEING.
  3434 | D:5      | 3434 ||| FLEEEEING.
  3435 | D:5      | 3435 ||| FLEEEEING.
  3436 | D:5      | 3436 ||| FLEEEEING.
  3437 | D:5      | 3437 ||| FLEEEEING.
  3439 | D:5      | Killed Eustachio
  3440 | D:5      | Reached skill level 6 in Ranged Weapons
  3557 | D:5      | Reached skill level 7 in Ranged Weapons
  3672 | D:5      | HP: 1/52 [ogre/+0 giant club (28)]
  3674 | D:5      | Annihilated by an ogre

Levels and vault maps discovered:
D:1:      dpeg_arrival_rooms_b, layout_loops_ring,
          hellmonk_ecumenical_altar_heavens_door, roderic_serpentine_path
D:2:      layout_loops_cross, grunt_decor_mini_mirrors, serial_bayou_pond_e
D:3:      layout_basic, serial_glass, glass_columns_a, glass_columns_b,
          uniq_jessica, uniq_terence
D:4:      layout_loops_ring, hangedman_feature_mirror, minivault_14
D:5:      nicolae_cairo_tiling, layout_basic, mainiacjoe_overflow_paths,
          uniq_eustachio, uniq_prince_ribbit1, uniq_sigmund

Skill      XL: |  1  2  3  4  5  6 |
---------------+-------------------+-----
Ranged Weapons | 3 4 5 7 |  7.0
Fighting       | 2 4 |  4.1
Armour         | 1 |  1.9
Dodging        | |  2.1
Spellcasting   | |  1.0
Hexes          | |  2.0

Action                     |  1- 3 |  4- 6 || total
---------------------------+-------+-------++-------
   Fire: Sling             |   119 |   198 ||   317
    Use: Scroll            |     3 |     6 ||     9
         Potion            |       |     4 ||     4
 Armour: Robe              |    11 |     2 ||    13
         Ring mail         |       |    48 ||    48
  Dodge: Dodged            |    50 |    94 ||   144

Table legend:
 A = Non-vault XP
 B = Vault XP
 C = Vault XP percentage of total XP
 D = Non-vault monster count
 E = Vault monster count
 F = Vault count percentage of total count
                 A         B        C        D         E       F
            +---------+---------+-------+---------+---------+-------
      Total |     402 |     281 |  41.1 |      75 |       9 |  10.7
            +---------+---------+-------+---------+---------+-------
        D:1 |      42 |       0 |   0.0 |      24 |       0 |   0.0
        D:2 |      72 |       0 |   0.0 |      22 |       0 |   0.0
        D:3 |     146 |      73 |  33.3 |      12 |       2 |  14.3
        D:4 |      68 |      12 |  15.0 |      14 |       6 |  30.0
        D:5 |      74 |     196 |  72.6 |       3 |       1 |  25.0
            +---------+---------+-------+---------+---------+-------
